 Dungeon Crawl Stone Soup version 0.30.0 (webtiles) character file.

Game seed: 2820156586398742758

72 dialectric the Trooper (level 4, -7/29 HPs)
             Began as a Gargoyle Chaos Knight on May 6, 2023.
             Was a Plaything of Xom.
             Killed from afar by a white imp (8 damage)
             ... with a puff of frost
             ... summoned by Xom
             ... on level 3 of the Dungeon.
             The game lasted 00:03:00 (1649 turns).

dialectric the Trooper (Gargoyle Chaos Knight)      Turns: 1649, Time: 00:03:01

Health: -7/29      AC: 11    Str: 18    XL:     4   Next: 25%
Magic:  4/4        EV: 11    Int: 17    God:    Xom [......]
Gold:   140        SH:  0    Dex: 13    Spells: 3/3 levels left

rFire   . . .        t - +2 quarterstaff of Genitt {chaos, Str+3 Int+4 Dex+2}
rCold   . . .        (shield currently unavailable)
rNeg    + . .        b - +2 leather armour
rPois   ∞            n - +0 helmet
rElec   +            (no cloak)
rCorr   .            k - +0 pair of gloves
SInv    .            (no boots)
Will    .....        (no amulet)
Stlth   +            (no ring)
HPRegen 0.24/turn    (no ring)
MPRegen 0.09/turn

%: no passive effects
@: no status effects
A: sickness immunity, AC +3, negative energy resistance 1, electricity
resistance, torment resistance 1, petrification resistance
a: Renounce Religion


You were on level 3 of the Dungeon.
You worshipped Xom.
You were a very special plaything of Xom.
You visited 1 branch of the dungeon, and saw 3 of its levels.

You collected 140 gold pieces.

Inventory:

Hand Weapons
 a - a +0 mace of chaos
 t - the +2 quarterstaff of Genitt (weapon) {chaos, Str+3 Int+4 Dex+2}
   (Xom gifted it to you on level 3 of the Dungeon)

   Str:       It affects your strength (+3).
   Int:       It affects your intelligence (+4).
   Dex:       It affects your dexterity (+2).
Missiles
 m - 2 poisoned darts
Armour
 b - a +2 leather armour (worn)
 j - a +0 chain mail
 k - a +0 pair of gloves (worn)
 n - a +0 helmet (worn)
Jewellery
 d - a ring of wizardry
 h - a ring of positive energy
Scrolls
 f - a scroll of vulnerability
 i - 3 scrolls of identify
 o - a scroll of immolation {unknown}
 r - 2 scrolls of enchant weapon {unknown}
Potions
 e - a potion of degeneration {unknown}
 g - a potion of might {unknown}
 l - 5 potions of curing {unknown}
 p - 2 potions of heal wounds {unknown}
 q - a potion of haste {unknown}
 s - a potion of ambrosia {unknown}
Miscellaneous
 c - a piece from Xom's chessboard (14/15) (quivered)


   Skills:
 + Level 4.1 Fighting
 + Level 3.8 Maces & Flails
 * Level 2.7 Armour
 - Level 1.3 Dodging


You had 3 spell levels left.
You didn't know any spells.
Your spell library contained the following spells:

 Spells                   Type           Power      Damage    Failure   Level
 Vhi's Electric Charge    Tloc/Air       0%         N/A       63%         3
 Arcjolt                  Conj/Air       0%         1d10      100%        5
 Plasma Beam              Fire/Air       0%         2x1d11    100%        6


Dungeon Overview and Level Annotations

Branches:
Dungeon (3/15)

Altars:

Annotations:
D:3 Huckebein's ghost, amateur GrMo


Innate Abilities, Weirdness & Mutations

You are immune to sickness and miasma.
Your stone body is resilient. (AC +3)
You are immune to poison.
You resist negative energy. (rN+)
You are resistant to electric shocks. (rElec)
You are resistant to unholy torment.
You are immune to petrification.


Message History

Huckebein's ghost hits you but does no damage.
You hit Huckebein's ghost but do no damage.
Huckebein's ghost is almost destroyed.
Huckebein's ghost closely misses you.
You barely miss Huckebein's ghost.
Huckebein's ghost is almost destroyed.
You hit Huckebein's ghost but do no damage.
Huckebein's ghost is almost destroyed.
You hit Huckebein's ghost but do no damage.
Huckebein's ghost is almost destroyed.
Huckebein's ghost completely misses you.
You barely miss Huckebein's ghost.
Huckebein's ghost is almost destroyed.
Huckebein's ghost barely misses you.
You hit Huckebein's ghost but do no damage.
Huckebein's ghost is almost destroyed.
You hit Huckebein's ghost but do no damage.
Huckebein's ghost is almost destroyed.
There is an open door here.
Things that are here:
a +0 morningstar; an orc corpse Huckebein's ghost hits you but does no damage.
You hit Huckebein's ghost but do no damage.
Huckebein's ghost is almost destroyed.
You hear Xom's maniacal laughter.
Huckebein's ghost hits you but does no damage.
There is an open door here.
Things that are here:
a +0 morningstar; an orc corpse You hit Huckebein's ghost but do no damage.
Nothing appears to happen.
Huckebein's ghost is almost destroyed.
The white imp gestures at you. The puff of frost hits you!
* * * LOW HITPOINT WARNING * * *
You hit Huckebein's ghost.
Huckebein's ghost is almost destroyed.
The white imp gestures at you. The puff of frost hits you!
You die...

........###..#........... #.....
.............#.#8#..8..#8#.#.....
........)....#.###.....###.#.....
...........###....#####....#..##.
.............#............o#..##.
...#.........######'''######..##.
...#.........85..5.........8..##.
...#...#####.....W............##.
...#...# #####@#'#.........###.
.###... #)#.##............
..##......[.. #)#...............
..# #........ #)#...............
#.# #........ #.#...............
#.# #......... #.##.....#........
..# #..........#.#.#....#........
..# #..........#.#.#....#........
..###..........#.#.#....#........


You could see Huckebein's ghost (agile, resistant, confused) and 2 white imps.

Vanquished Creatures
  A gnoll (D:1)
  A worm (D:3)
  4 orcs (D:3)
  4 ball pythons
  7 endoplasms
  3 goblins
  6 hobgoblins
  4 kobolds
  2 quokkas (D:3)
  5 bats
  3 frilled lizards
  12 rats
52 creatures vanquished.

Vanquished Creatures (collateral kills)
  An endoplasm (D:2)
1 creature vanquished.

Vanquished Creatures (others)
  2 orcs (D:3)
  A ball python zombie (D:2)
3 creatures vanquished.

Grand Total: 56 creatures vanquished

Notes
Turn   | Place    | Note
-------+----------+-------------------------------------------
     0 | D:1      | dialectric the Gargoyle Chaos Knight began the quest for
                  | the Orb.
     0 | D:1      | Reached XP level 1. HP: 14/14 MP: 1/1
   118 | D:1      | Reached XP level 2. HP: 17/19 MP: 2/2
   160 | D:1      | Reached skill level 1 in Dodging
   251 | D:1      | Reached XP level 3. HP: 9/24 MP: 3/3
   659 | D:2      | XOM: silly message
   829 | D:2      | XOM: noise
   858 | D:2      | XOM: polymorph endoplasm -> rat
  1198 | D:3      | XOM: 4-stop teleportation journey
  1312 | D:3      | Found a faded altar of an unknown god.
  1379 | D:3      | Reached skill level 4 in Fighting
  1379 | D:3      | Reached XP level 4. HP: 22/29 MP: 4/4
  1412 | D:3      | XOM: god gift: warped quarterstaff {god gift}
  1412 | D:3      | Identified the +2 quarterstaff of Genitt {chaos, Str+3
                  | Int+4 Dex+2} (Xom gifted it to you on level 3 of the
                  | Dungeon)
  1472 | D:3      | Found a runed translucent gate.
  1473 | D:3      | Found a runed translucent gate.
  1473 | D:3      | Found a runed translucent gate.
  1473 | D:3      | Identified the +0 scale mail "Usebiomn" {rN+}
  1474 | D:3      | Noticed Huckebein's ghost (amateur GrMo)
  1611 | D:3      | XOM: confuse monster(s)
  1613 | D:3      | XOM: destruction
  1629 | D:3      | XOM: enchant monster (bad)
  1647 | D:3      | XOM: summons 3 hostile demons
  1648 | D:3      | HP: 1/29 [white imp/puff of frost[Xom] (14)]
  1649 | D:3      | Killed from afar by a white imp

Illustrated notes

Levels and vault maps discovered:
D:1:      dreamdust_arrival_beginning_and_end, layout_rooms, serial_bayou_pond_e
D:2:      layout_loops_ring, minmay_misc_feat_square, minmay_stone_trees_small,
          minmay_misc_feat_cross
D:3:      layout_basic, nicolae_overflow_hidden_temple,
          biasface_ghost_orc_armoury, shapermc_ecumenical_altar_petra,
          corexii_hall_statues_l, minmay_misc_feat_diagonals

Skill      XL: |  1  2  3 |
---------------+----------+-----
Dodging        | 1 |  1.3
Fighting       | 4 |  4.1
Maces & Flails | |  3.8
Armour         | |  2.7

Action                     |  1- 3 |  4- 6 || total
---------------------------+-------+-------++-------
  Melee: Mace              |   107 |     4 ||   111
         Quarterstaff      |       |    41 ||    41
  Evoke: Piece from Xom's  |     1 |     1 ||     2
    Use: Scroll            |     1 |       ||     1
   Stab: Confused          |       |     2 ||     2
 Armour: Leather armour    |    53 |    20 ||    73
  Dodge: Dodged            |    92 |    11 ||   103
